 Dungeon Crawl Stone Soup version 0.26.1-11-gd32895ea62 (webtiles) character file.

Game seed: 17770166044330920594

6309 Doot the Thaumaturge (level 10, -1/52 HPs)
             Began as a Deep Elf Conjurer on May 19, 2021.
             Was an Elder of Sif Muna.
             Slain by a yak (3 damage)
             ... on level 10 of the Dungeon.
             The game lasted 00:26:10 (11294 turns).

Doot the Thaumaturge (Deep Elf Conjurer)           Turns: 11294, Time: 00:26:11

Health: -1/52      AC: 15    Str:  4    XL:     10   Next: 64%
Magic:  14/18      EV: 13    Int: 30    God:    Sif Muna [****..]
Gold:   854        SH:  0    Dex: 13    Spells: 19/31 levels left

rFire    + . .     SeeInvis .   L - staff of poison
rCold    . . .     Faith    .   (no shield)
rNeg     . . .     Spirit   .   K - +2 leather armour {rF+}
rPois    +         Reflect  .   w - +1 helmet
rElec    .         Harm     .   h - +2 cloak
rCorr    .         Rampage  .   (no gloves)
Will     +....                  (no boots)
Stlth    ++++......             (no amulet)
HPRegen  0.17/turn              J - ring of Greed {+Blink MP-9 Int+3 Stlth+}
MPRegen  0.16/turn              o - +4 ring of protection

@: no status effects
A: no striking features
a: Renounce Religion, Evoke Blink, Channel Magic, Forget Spell, Divine Exegesis


You were on level 10 of the Dungeon.
You worshipped Sif Muna.
Sif Muna was greatly pleased with you.
You visited 2 branches of the dungeon, and saw 12 of its levels.
You also visited: Bailey.

You collected 1007 gold pieces.
You spent 153 gold pieces at shops.

Inventory:

Hand Weapons
 a - a +2 trident of protection
 c - a +0 dagger
 m - a +3 flail
 y - a +1 falchion of freezing
 N - a +2 scimitar of flaming
Armour
 h - a +2 cloak (worn)
 w - a +1 helmet (worn)
 G - +0 steam dragon scales
 K - a +2 leather armour of fire resistance (worn)
 O - a +1 robe of willpower
 P - a +2 scale mail of fire resistance
Magical Staves
 L - an uncursed staff of poison (weapon)
Jewellery
 o - a +4 ring of protection (right hand)
 s - an uncursed ring of flight
 t - an uncursed ring of willpower
 J - the ring of Greed (left hand) {+Blink MP-9 Int+3 Stlth+}
   (You found it in a bailey)

   [ring of stealth]

   It affects your intelligence (+3).
   It affects your magic capacity (-9).
   It lets you blink.
   It makes you more stealthy.
Wands
 i - a wand of flame (22)
 n - a wand of acid (14)
 E - a wand of polymorph (8)
Scrolls
 b - 4 scrolls of remove curse {unknown}
 f - 7 scrolls of identify {unknown}
 j - 6 scrolls of teleportation {unknown}
 p - 2 scrolls of fear {unknown}
 u - 5 scrolls of amnesia {unknown}
 x - a scroll of enchant armour {unknown}
 B - a scroll of fog {unknown}
 H - a scroll of random uselessness {unknown}
 M - a scroll of blinking {unknown}
 Q - a scroll of noise {unknown}
Potions
 d - a potion of attraction {unknown}
 e - a potion of mutation {unknown}
 g - 6 potions of curing
 k - 4 potions of lignification {unknown}
 l - 3 potions of degeneration {unknown}
 q - 3 potions of brilliance {unknown}
 r - 2 potions of ambrosia {unknown}
 v - a potion of resistance {unknown}
 z - a potion of flight {unknown}
 A - a potion of cancellation {unknown}
 C - 3 potions of heal wounds
 D - a potion of magic {unknown}
 F - a potion of haste {unknown}
 I - a potion of might {unknown}


   Skills:
 + Level 1.0 Fighting
 + Level 2.2 Long Blades
 + Level 0.4 Polearms
 + Level 5.0 Armour
 + Level 4.8 Dodging
 + Level 6.9 Stealth
 + Level 11.3 Spellcasting
 + Level 10.6 Conjurations
 + Level 3.1 Translocations
 - Level 4.0 Invocations


You had 19 spell levels left.
You knew the following spells:

 Your Spells              Type           Power        Failure   Level
a - Magic Dart            Conj           100%         1%          1
b - Searing Ray           Conj           100%         1%          2
c - Iskenderun's Mystic   Conj/Tloc      55%          3%          4
d - Fulminant Prism       Conj/Hex       24%          6%          4
e - Animate Skeleton      Necr           32%          5%          1

Your spell library contained the following spells:

 Spells                   Type           Power        Failure   Level
 Apportation              Tloc           70%          1%          1
 Dazzling Flash           Conj/Hex       96%          1%          3
 Corona                   Hex            17%          5%          1
 Summon Small Mammal      Summ           64%          5%          1


Dungeon Overview and Level Annotations

Branches:
Dungeon (11/15)            Temple (1/1) D:4            Lair (0/6) D:10
    Orc (0/2) D:10         Bailey (visited)

Altars:
Ashenzari
Cheibriados
Dithmenos
Elyvilon
Fedhas
Kikubaaqudgha
Nemelex Xobeh
Okawaru
Qazlal
Ru
Sif Muna
Trog
Uskayaw
Vehumet
Wu Jian
Xom
Zin
The Shining One

Shops:
D:7 ![[!*   D:9 =

Annotations:
D:10 Snorg


Message History

Aiming: Fulminant Prism (dangerous; 6% risk of failure)
Press: ? - help, Dir - move target You conjure a prism of explosive energy!
A fulminant prism comes into view.
Your fulminant prism crackles loudly.
Your fulminant prism explodes!
The blast of energy engulfs the sky beast!!
You kill the sky beast!
Sif Muna accepts your kill.
There is a stone staircase leading up here.
Unknown command.
Unknown command.
You start resting.
A shadow comes into view.
You climb upwards.
Level annotation: Snorg The wyvern bites you!
* * * LOW HITPOINT WARNING * * *
The yak barely misses you. The wyvern misses you. The yak gores you.
You die...

..........(†............
.####.########(........#
##..#.#..# #.........#
#...#...# #.........#
####.#### #.........#
#.#.# #.........# ##.##
#.........# #.c.#
#.Yl...:..# .......
#..@...$..# #.....c.#
#.........# #.......#
#.........# #......Z#
#..####...# #.......#
... ...# #.......# ....
..# ).... .# #####. ##


You could see a yak and a wyvern.

Vanquished Creatures
  Erica (D:8)
  An ugly thing (D:11)
  4 yaks (D:9)
  2 steam dragons
  A two-headed ogre zombie (D:10)
  6 orc warriors
  A phantom (D:6)
  3 sky beasts
  A black bear (D:6)
  4 centaurs
  3 ogres
  2 big kobolds
  3 bullfrogs
  A gnoll sergeant (D:6)
  A scorpion (D:6)
  2 wyvern skeletons
  A troll zombie (D:10)
  10 killer bees
  A howler monkey (D:8)
  A centaur zombie (D:5)
  A jelly (D:8)
  A quasit (D:7)
  6 hounds
  A centaur skeleton (D:8)
  9 orc priests
  A gnoll shaman (D:7)
  2 iguanas
  3 orc wizards
  Jessica (D:2)
  8 worker ants
  Terence (D:3)
  Natasha (thrice) (D:3)
  A killer bee zombie (D:10)
  2 hound skeletons
  2 worker ant zombies
  23 gnolls
  10 adders
  4 shadow imps
  3 white imps
  3 ufetubi
  3 adder skeletons
  3 worms
  2 dart slugs (D:2)
  5 leopard geckos
  28 orcs
  7 bats
  9 giant cockroaches
  6 goblins
  6 hobgoblins
  2 jackals (D:6)
  20 kobolds
  2 quokkas
  2 ball pythons (D:1)
  5 frilled lizards
  A goblin skeleton (D:7)
  2 goblin zombies (D:7)
  2 hobgoblin zombies
  A jackal skeleton (D:4)
  A jackal zombie (D:5)
  A kobold skeleton (D:7)
  A kobold zombie (D:7)
  An orc skeleton (D:7)
  8 rats
252 creatures vanquished.

Vanquished Creatures (others)
  A worker ant (D:10)
  A fulminant prism (D:11)
  A plant (D:9)
  2 withered plants (D:10)
5 creatures vanquished.

Grand Total: 257 creatures vanquished

Notes
Turn   | Place    | Note
-------+----------+-------------------------------------------
     0 | D:1      | Doot the Deep Elf Conjurer began the quest for the Orb.
     0 | D:1      | Reached XP level 1. HP: 10/10 MP: 6/6
   178 | D:1      | Reached XP level 2. HP: 15/15 MP: 4/8
   181 | D:1      | Learned a level 2 spell: Searing Ray
   299 | D:1      | Reached skill level 5 in Conjurations
   789 | D:1      | Reached XP level 3. HP: 19/19 MP: 7/9
   827 | D:1      | Found a sparkling altar of Nemelex Xobeh.
  1010 | D:2      | Found a blossoming altar of Fedhas.
  1010 | D:2      | Found a bloodstained altar of Trog.
  1051 | D:2      | Reached XP level 4. HP: 24/24 MP: 2/11
  1469 | D:2      | Learned a level 4 spell: Iskenderun's Mystic Blast
  1474 | D:3      | Reached skill level 4 in Spellcasting
  1590 | D:3      | Reached XP level 5. HP: 28/28 MP: 10/13
  1615 | D:4      | Found a staircase to the Ecumenical Temple.
  1615 | D:4      | Found a sacrificial altar of Ru.
  1620 | Temple   | Entered the Ecumenical Temple
  1680 | Temple   | Became a worshipper of Sif Muna the Loreminder
  1750 | D:2      | Noticed Jessica
  1779 | D:2      | Killed Jessica
  2390 | D:3      | Noticed Terence
  2399 | D:3      | Killed Terence
  2400 | D:3      | Reached skill level 5 in Spellcasting
  2612 | D:3      | Noticed Natasha
  2617 | D:3      | Killed Natasha
  2723 | D:3      | Noticed Natasha
  2729 | D:3      | Killed Natasha
  2730 | D:3      | Reached XP level 6. HP: 32/32 MP: 9/15
  2857 | D:3      | Noticed Natasha
  2860 | D:3      | Killed Natasha
  2860 | D:3      | Reached * piety under Sif Muna
  2866 | D:3      | Learned a level 4 spell: Fulminant Prism
  3600 | D:4      | Reached skill level 1 in Invocations
  3637 | D:4      | Reached skill level 6 in Spellcasting
  3728 | D:4      | Reached XP level 7. HP: 36/36 MP: 14/18
  3788 | D:4      | Learned a level 1 spell: Animate Skeleton
  3878 | D:5      | Entered Level 5 of the Dungeon
  4295 | D:5      | Reached ** piety under Sif Muna
  4558 | D:5      | Reached skill level 1 in Armour
  5490 | D:6      | Reached skill level 7 in Spellcasting
  5490 | D:6      | Reached XP level 8. HP: 33/41 MP: 10/20
  5894 | D:6      | Reached skill level 5 in Stealth
  6270 | D:7      | Found Meud's Distillery.
  6273 | D:7      | Bought a potion of curing for 39 gold pieces
  6273 | D:7      | Bought a potion of heal wounds for 65 gold pieces
  6296 | D:7      | Found Bocsaut's Armour Boutique.
  6403 | D:7      | Found Uptopn's Armour Emporium.
  6610 | D:7      | Reached skill level 8 in Spellcasting
  6614 | D:7      | Reached XP level 9. HP: 24/45 MP: 17/23
  6927 | D:7      | Reached *** piety under Sif Muna
  7093 | D:7      | Found a glowing golden altar of the Shining One.
  7181 | D:7      | Found Lomim's Distillery.
  7377 | D:7      | Found Waceath's Assorted Antiques.
  7380 | D:7      | Bought a scroll labelled UMMOTI XEWNEUMM for 26 gold pieces
  7380 | D:7      | Bought a cyan potion for 23 gold pieces
  7892 | D:8      | Noticed Erica
  8074 | D:9      | Found Soin's Jewellery Shop.
  8132 | D:9      | Reached skill level 1 in Long Blades
  8144 | D:9      | Found a flagged portal.
  8169 | Bailey   | Entered a bailey
  8457 | Bailey   | Reached skill level 9 in Spellcasting
  8457 | Bailey   | Reached skill level 1 in Translocations
  8651 | Bailey   | Found a burning altar of Makhleb.
  8660 | Bailey   | Got a sparkling bone ring
  8662 | Bailey   | Identified the ring of Greed {+Blink MP-9 Int+3 Stlth+}
                  | (You found it in a bailey)
  9113 | D:9      | Reached **** piety under Sif Muna
  9290 | D:9      | Reached XP level 10. HP: 33/51 MP: 11/25
  9518 | D:10     | Entered Level 10 of the Dungeon
  9565 | D:10     | Noticed a two-headed ogre
  9566 | D:10     | Found a staircase to the Orcish Mines.
  9566 | D:10     | Noticed Snorg
  9618 | D:8      | Reached skill level 10 in Spellcasting
  9975 | D:8      | Killed Erica
  9976 | D:8      | Reached skill level 1 in Fighting
  9976 | D:8      | Reached skill level 10 in Conjurations
 10924 | D:10     | Found a staircase to the Lair.
 11219 | D:10     | Reached skill level 11 in Spellcasting
 11236 | D:11     | Noticed a cyan ugly thing
 11249 | D:11     | HP: 2/52 [cyan ugly thing (13)]
 11271 | D:11     | Killed a cyan ugly thing
 11272 | D:11     | Reached skill level 5 in Armour
 11294 | D:10     | HP: 2/52 [wyvern (8)]
 11294 | D:10     | Slain by a yak

Illustrated notes

Levels and vault maps discovered:
D:1:      lemuel_arrival_room, layout_loops_cross,
          nemelex_xobeh_ov_fountains_minmay
D:2:      layout_rooms, gammafunk_temple_overflow_elements, uniq_jessica
D:3:      layout_rooms, uniq_natasha, uniq_terence
D:4:      layout_basic, lemuel_crystal_altar,
          minmay_temple_entry_statues_pillars
D:5:      layout_loops_corners, serial_glass, glass_columns_a, glass_columns_a,
          minmay_strange_pillars, feat_on_display, feat_on_display
D:6:      minmay_general_purpose_star, layout_basic, skrybe_limestone_x
D:7:      layout_basic, nicolae_tso_besieged_by_evil, serial_shops,
          nicolae_shop_trees, shop, nicolae_shop_statue_plus, shop,
          nicolae_shop_behind_doors
D:8:      layout_cave_pools, uniq_erica
D:9:      layout_roguey, lightli_bailey_entry_fortress, serial_shops, shop,
          blue_anna_alchemist [blue_anna_fruit_fields, blue_anna_fruit_fields]
D:10:     layout_long_grid, lair_entry_dummy, zombieorc2_lemuel, serial_undead,
          serial_undead_d, serial_undead_f, serial_undead_b, serial_undead_c,
          wad_rectangle_vault, uniq_joseph, uniq_snorg
D:11:     cheibrodos_grave_circle, layout_layer_cave, uniq_grum
Temple:   eino_narrow_crystal_temple

Skill      XL: |  1  2  3  4  5  6  7  8  9 10 |
---------------+-------------------------------+-----
Conjurations   | 5 6 7 8 9 10 | 10.6
Spellcasting   | 4 5 6 7 8 9 11 | 11.3
Stealth        | 3 4 5 6 |  6.9
Dodging        | 3 4 |  4.8
Invocations    | 1 2 4 |  4.0
Armour         | 2 4 5 |  5.0
Long Blades    | 1 2 |  2.2
Translocations | 2 3 |  3.1
Fighting       | 1 |  1.0
Polearms       | |  0.4

Action                   |  1- 3 |  4- 6 |  7- 9 | 10-12 || total
-------------------------+-------+-------+-------+-------++-------
Melee: Flail             |       |     2 |     2 |       ||     4
       Dagger            |       |     1 |       |       ||     1
       Trident           |       |       |     4 |     1 ||     5
       Falchion          |       |       |     4 |       ||     4
       Staff             |       |       |       |     2 ||     2
 Cast: Magic Dart        |    45 |    22 |    33 |       ||   100
       Searing Ray       |     1 |    32 |    81 |    28 ||   142
       Iskenderun's Myst |       |     4 |    18 |    13 ||    35
       Fulminant Prism   |       |       |       |     1 ||     1
Invok: Channel Magic     |       |       |     1 |     2 ||     3
 Stab: Sleeping          |       |     1 |     1 |       ||     2
Armor: Robe              |     1 |     5 |       |       ||     6
       Leather armour    |       |     1 |    45 |    27 ||    73
Dodge: Dodged            |     6 |    19 |    76 |    27 ||   128
       Rpst.: Falchion   |       |       |    10 |       ||    10
